 Dungeon Crawl Stone Soup version 0.27-a0-1565-gad902ab807 (webtiles) character file.

Game seed: 18101471821591177147

32 Leszczynek the Chopper (level 3, -1/27 HPs)
             Began as a Human Gladiator on July 16, 2021.
             Slain by a quokka (3 damage)
             ... on level 1 of the Dungeon.
             The game lasted 00:02:41 (281 turns).

Leszczynek the Chopper (Human Gladiator)             Turns: 281, Time: 00:02:41

Health: -1/27      AC:  4    Str: 14    XL:     3   Next: 42%
Magic:  3/3        EV: 12    Int:  9    God:
Gold:   23         SH:  0    Dex: 14    Spells: 2/2 levels left

rFire    . . .     SeeInvis .   a - +0 war axe
rCold    . . .     Faith    .   (no shield)
rNeg     . . .     Spirit   .   b - +0 leather armour
rPois    .         Reflect  .   c - +0 helmet
rElec    .         Harm     .   (no cloak)
rCorr    .         Rampage  .   (no gloves)
Will     .....                  (no boots)
Stlth    +.........             (no amulet)
HPRegen  0.09/turn              (no ring)
MPRegen  0.08/turn              (no ring)

@: no status effects
A: no striking features
a: no special abilities


You were on level 1 of the Dungeon.
You visited 1 branch of the dungeon, and saw 2 of its levels.

You collected 23 gold pieces.

Inventory:

Hand Weapons
 a - a +0 war axe (weapon)
 i - a +1 dagger of draining
Missiles
 d - 3 throwing nets (quivered)
Armour
 b - a +0 leather armour (worn)
 c - a +0 helmet (worn)
Scrolls
 h - a scroll of identify {unknown}
 j - a scroll of torment {unknown}
Potions
 e - a potion of attraction {unknown}
 f - 2 potions of lignification {unknown}
 g - a potion of curing {unknown}


   Skills:
 - Level 2.0 Fighting
 + Level 4.3 Axes
 - Level 2.0 Throwing
 - Level 3.0 Dodging


You had 2 spell levels left.
You didn't know any spells.
Your spell library was empty.

Dungeon Overview and Level Annotations

Branches:
Dungeon (2/15)

Altars:


Message History

There is a stone staircase leading down here.
Unknown command.
You hit the goblin.
The goblin is heavily wounded.
The goblin hits you with a +0 club.
* * * LOW HITPOINT WARNING * * *
A rat comes into view.
The goblin hits you but does no damage. The ball python closely misses you.
The ball python barely misses you.
Unknown command.
Found a hunting sling.
You hit the ball python.
The ball python is heavily wounded.
The ball python closely misses you. The ball python grabs you.
The ball python constricts you.
Unknown command.
You closely miss the goblin.
The goblin is heavily wounded.
You slash the ball python!
You kill the ball python!
The goblin misses you.
You hit the goblin.
You kill the goblin!
You hit the rat.
You kill the rat!
You hit the goblin but do no damage. The goblin misses you.
You slash the goblin!
You kill the goblin!
Items here: ) †††.
You see here a +0 club.
A quokka comes into view.
There is a stone staircase leading down here.
Found 21 stones.
A frilled lizard comes into view.
A rat comes into view.
Found 4 gold pieces.
You closely miss the quokka. The quokka bites you.
* * * LOW HITPOINT WARNING * * *
The quokka bites you.
You die...

#......
#......
....... l...
###..#. #.
..... #....
#..### .....
...##
#..#_#......
#..#^#......
#..#@#......
#....r......
###r........
#...>###....
.....##.)##
... ..#.#
##).# ..
...$
##...)....
.(.
##...#... ..
......


You could see a quokka and a rat (wandering).

Vanquished Creatures
  An adder skeleton (D:2)
  A dart slug (D:2)
  A bat (D:1)
  A bat skeleton (D:2)
  2 bat zombies (D:2)
  An endoplasm (D:2)
  2 giant cockroaches (D:2)
  2 goblins (D:1)
  A hobgoblin (D:1)
  2 jackals (D:2)
  A kobold (D:2)
  2 quokkas (D:2)
  2 ball pythons
  A jackal zombie (D:2)
  3 rats
23 creatures vanquished.

Notes
Turn   | Place    | Note
-------+----------+-------------------------------------------
     0 | D:1      | Leszczynek the Human Gladiator began the quest for the Orb.
     0 | D:1      | Reached XP level 1. HP: 16/16 MP: 1/1
    73 | D:2      | Reached XP level 2. HP: 10/22 MP: 2/2
   244 | D:2      | Reached skill level 4 in Axes
   244 | D:2      | Reached XP level 3. HP: 13/27 MP: 3/3
   253 | D:2      | HP: 5/27 [jackal (3)]
   265 | D:1      | Found a faded altar of an unknown god.
   266 | D:1      | HP: 3/27 [goblin (4)]
   281 | D:1      | HP: 2/27 [quokka (2)]
   281 | D:1      | Slain by a quokka

Illustrated notes

Levels and vault maps discovered:
D:1:      dpeg_arrival_shelter, layout_rooms,
          hellmonk_ecumenical_altar_leap_of_faith
D:2:      layout_basic, serial_shops, shop, nicolae_lakefront_shop, shop,
          nicolae_shop_statue_plus, nicolae_diamond_shop, serial_undead,
          serial_undead_b, serial_undead_e, serial_undead_d, serial_undead_a,
          st_stairs_1

Skill      XL: |  1  2 |
---------------+-------+-----
Axes           | 4 |  4.3
Fighting       | |  2.0
Throwing       | |  2.0
Dodging        | |  3.0

Action                   || total
-------------------------++-------
Melee: War axe           ||    48
Throw: Throwing net      ||     1
Armor: Leather armour    ||    20
Dodge: Dodged            ||    35

Table legend: (Time is in decaauts)
 A = Elapsed time spent in this place.
 B = Non-inter-level travel time spent in this place.
 C = Inter-level travel time spent in this place.
 D = Time resting spent in this place.
 E = Time spent auto-exploring this place.
 F = Levels seen in this place.
 G = Mean time per level.
                   A        B        C        D        E       F      G
               +--------+--------+--------+--------+--------+-----+--------+
         Total |    296 |    296 |      0 |      0 |      0 |   2 |  148.0 |
       Dungeon |    296 |    296 |      0 |      0 |      0 |   2 |  148.0 |
               +--------+--------+--------+--------+--------+-----+--------+

Top non-repeatable levels by time:
     D:2: 204 daAuts
     D:1: 92 daAuts
